 Dungeon Crawl Stone Soup version 0.13-a0-2630-gc2a47ca (webtiles) character file.

220 Rak the Skirmisher (level 4, -6/34 HPs)
             Began as a Demonspawn Abyssal Knight on Aug 5, 2013.
             Was a Believer of Lugonu.
             Killed from afar by an orc wizard (9 damage)
             ... with a puff of flame
             ... on Level 2 of the Dungeon.
             The game lasted 00:17:38 (2523 turns).

Rak the Skirmisher (Demonspawn Abyssal Knight)      Turns: 2523, Time: 00:17:38

HP  -6/34        AC  8     Str 13      XL: 4   Next: 68%
MP   0/5         EV  8     Int 13      God: Lugonu [**....]
Gold 105         SH  0     Dex 13      Spells:  0 memorised,  3 levels left

Res.Fire  : . . .   See Invis. : .   a - +2 mace
Res.Cold  : . . .   Warding    : .   l - +1 dwarf scale mail
Life Prot.: . . .   Conserve   : .   (no shield)
Res.Poison: .       Res.Corr.  : .   (no helmet)
Res.Elec. : .       Clarity    : .   (no cloak)
Sust.Abil.: . .     Spirit.Shd : +   (no gloves)
Res.Mut.  : .       Stasis     : .   (no boots)
Res.Rott. : .       Flight     : .   (no amulet)
Saprovore : . . .                    (no ring)
                                     (no ring)

@: slightly resistant to hostile enchantments, extremely unstealthy
A: magic shield
a: Depart the Abyss, Bend Space, Renounce Religion


You were on level 2 of the Dungeon.
You worshipped Lugonu.
Lugonu was most pleased with you.
You were not hungry.

You visited 1 branch of the dungeon, and saw 3 of its levels.
You visited the Abyss 1 time.

You collected 85 gold pieces.

Inventory:

Hand weapons
 a - a +2,+2 mace (weapon)
 e - a -1,+0 orcish club (quivered)
 f - a +0,+0 mace
 u - a +1,+2 whip
 v - a +2,+0 orcish mace
 x - a +2,+0 elven short sword
 A - a +0,+0 spear
Missiles
 i - 26 darts
Armour
 b - a +0 leather armour
 k - a +0 elven robe
 l - a +1 dwarven scale mail (worn)
 p - a +0 elven robe
 t - a +0 leather armour
 y - a +0 elven cloak
 D - a +0 ring mail
Comestibles
 c - 3 bread rations
 E - a chunk of bat flesh
Scrolls
 d - 3 scrolls of identify {unknown}
 g - a scroll of curse weapon {unknown}
 h - a scroll of teleportation {unknown}
 o - a scroll of enchant weapon II {unknown}
 r - 2 scrolls of blinking {unknown}
 s - 5 scrolls of remove curse {unknown}
 B - a scroll of enchant armour {unknown}
Jewellery
 j - a cursed -2 ring of evasion {unknown}
 m - an uncursed ring of magical power {unknown}
 q - a +5 ring of intelligence {unknown}
Potions
 n - a potion of mutation {unknown}
 C - a potion of magic {unknown}
Miscellaneous
 w - a plain deck of war


   Skills:
 + Level 3.7 Fighting
 + Level 2.3 Maces & Flails
 + Level 3.1 Armour
 + Level 1.6 Dodging
 + Level 0.4 Stealth
 + Level 2.5 Invocations


You had 3 spell levels left.
You didn't know any spells.

Dungeon Overview and Level Annotations

Branches:
Dungeon (3/27)

Altars:
Nemelex Xobeh


Innate Abilities, Weirdness & Mutations

When hurt, damage is shared between your health and your magic reserves.


Message History

* * * LOW HITPOINT WARNING * * *
You climb upwards.
There is a stone staircase leading down here.
Unknown command.
You hit the orc wizard.
The orc wizard is moderately wounded.
The orc wizard hits you with an orcish dagger.
* * * LOW HITPOINT WARNING * * *
The hobgoblin completely misses you. The orc hits you but does no damage.
The orc wizard hits you with an orcish dagger.
* * * LOW HITPOINT WARNING * * *
The orc wizard hits you but does no damage.
The orc hits you but does no damage. The orc hits you but does no damage.
The orc wizard barely misses you.
The orc wizard hits you but does no damage.
The orc wizard barely misses you.
The orc wizard points at you and mumbles some strange words.
The puff of flame hits you!
You die...

##################
#.......#........# ##
#.......#........# ######.
#.......#........#########....#.
#.....>....goo.@.........'......
#.......#........#########.%..#.
#.......#........# ###.###
######.##...(....# #.###
######'##........# #....
#..........####### #####
##..........# ............#
##### ##..........# #....


You could see an orc wizard, an orc and a hobgoblin.

Vanquished Creatures
  An orc wizard (D:3)
  A gnoll (D:1)
  3 adders (D:2)
  A giant mite (D:2)
  2 giant geckos (D:2)
  2 oozes
  A goblin (D:1)
  7 hobgoblins
  2 jackals (D:2)
  5 kobolds
  A quokka (D:2)
  6 bats
  3 giant newts
  4 rats
39 creatures vanquished.

Notes
Turn   | Place    | Note
--------------------------------------------------------------
     0 | Abyss:1  | Rak, the Demonspawn Abyssal Knight, began the quest for the Orb.
     0 | Abyss:1  | Reached XP level 1. HP: 16/16 MP: 1/1
    29 | D:1      | Escaped the Abyss
   585 | D:1      | Gained mutation: When hurt, damage is shared between your health and your magic reserves. [demonic ancestry]
   585 | D:1      | Reached XP level 2. HP: 13/22 MP: 2/2
   738 | D:1      | Reached skill level 1 in Dodging
  1179 | D:1      | Reached XP level 3. HP: 28/28 MP: 4/4
  1681 | D:2      | Acquired Lugonu's second power
  1966 | D:2      | Found a sparkling altar of Nemelex Xobeh.
  2276 | D:2      | Reached XP level 4. HP: 31/34 MP: 5/5
  2523 | D:2      | Killed from afar by an orc wizard

Action                   |  1- 3 |  4- 6 || total
-------------------------+-------+-------++-------
Melee: Mace              |    95 |    28 ||   123
